AoeStats
← Cdaa Axsk

Arena

510038726Analyzed
3v3 RM · 2d ago on Sep 29, 2026· 33m 33s· 6 players
Game mode
Random Map
Map size
Normal (6 player)
Population
200
Speed
Normal
Resources
Standard
Victory
Conquest
Starting age
Dark Age
Ending age
Imperial Age
RankedLock teamsTeams togetherTeam positionsShared explorationLock speedFull tech treeHidden civsTurbo modeCheats
Victory
Defeat
🇺🇸 Teutons · United States
892
+18
🇺🇸 Huns · United States
805
+22
🇺🇸 Slavs · United States
796
+22
🇮🇩 Japanese · Indonesia
969
-22
🇺🇸 Teutons · United States
941
-56
🇹🇼 Khmer · Taiwan
889
-19
Cdaa Axsk
11:29 Feudal Age
12:55 Loom
13:32 Horse Collar
13:40 Double-Bit Axe
14:18 Gold Mining
17:02 Castle Age
18:03 Bow Saw
19:35 Heavy Plow
19:46 Stone Mining
20:37 Scale Barding Armor
DekaJe
0:32 Loom
10:53 Feudal Age
15:18 Castle Age
14:09 Double-Bit Axe
14:06 Horse Collar
17:00 Squires
20:00 Scale Mail Armor
19:54 Fletching
22:28 Forging
22:19 Scale Mail Armor
22:15 Bodkin Arrow
FAZE RADIN
2:29 Loom
13:46 Feudal Age
17:34 Wheelbarrow
16:48 Town Watch
17:11 Double-Bit Axe
17:18 Gold Mining
17:19 Stone Mining
21:18 Castle Age
19:40 Scale Mail Armor
24:04 Hand Cart
24:09 Bow Saw
28:20 Ironclad
Lord Vrodain
9:24 Feudal Age
9:55 Double-Bit Axe
9:52 Horse Collar
16:54 Castle Age
16:43 Stone Mining
17:48 Heavy Plow
18:00 Bow Saw
19:30 Stone Shaft Mining
20:08 Fortified Wall
20:19 Loom
21:50 Fletching
27:00 Forging
30:34 Ballistics
32:14 Scale Mail Armor
Jean Valjean
10:35 Feudal Age
11:53 Double-Bit Axe
12:37 Gold Mining
16:57 Castle Age
14:43 Horse Collar
16:08 Stone Mining
17:49 Bow Saw
17:54 Heavy Plow
21:29 Wheelbarrow
22:10 Town Watch
25:12 Fletching
25:43 Marauders
25:56 Bloodlines
25:49 Husbandry
25:59 Bodkin Arrow
29:56 Imperial Age
28:35 Forging
28:54 Masonry
29:56 Scale Barding Armor
31:28 Chain Barding Armor
34:41 Iron Casting
34:43 Plate Barding Armor
DragonKiller03 pineappleishere
10:37 Feudal Age
15:27 Castle Age
14:01 Double-Bit Axe
13:58 Horse Collar
14:11 Gold Mining
18:05 Man-at-Arms
19:52 Stone Mining
19:58 Loom
21:30 Long Swordsman
24:32 Bow Saw
25:52 Forging
25:43 Scale Mail Armor
26:53 Heavy Plow
27:07 Murder Holes
32:51 Imperial Age
30:22 Town Watch
32:39 Squires
33:03 Ballistics
32:38 Fletching
32:49 Padded Archer Armor
Connection lost

Rejoining the realm…

Still unreachable

The connection could not be restored.

Session expired

The server has moved on; the page needs a fresh start.